 Dungeon Crawl Stone Soup version 0.31.0-11-ge490571c62 (webtiles) character file.

Game seed: 17435785380823681358

2678 PaiMei the Reanimator (level 9, -10/63 (69) HPs)
             Began as a Demonspawn Necromancer on Jan 26, 2024.
             Mangled by a wight
             ... wielding a +3 flail
              (13 damage)
             ... on level 7 of the Dungeon.
             The game lasted 00:13:13 (10328 turns).

PaiMei the Reanimator (Demonspawn Necromancer)     Turns: 10328, Time: 00:13:14

HP:   -10/63 (69)   AC: 10    Str:  9    XL:     9   Next: 37%
MP:   18/18         EV: 15    Int: 19    God:
Gold: 426           SH:  0    Dex: 16    Spells: 16/20 levels left

rFire   . . .        r - +2 short sword (protect)
rCold   . . .        (no shield)
rNeg    . . .        u - +1 robe {Will+}
rPois   .            (helmet unavailable)
rElec   .            (no cloak)
rCorr   .            (no gloves)
SInv    +            (no boots)
Will    +....        (no amulet)
Stlth   +++          (no ring)
HPRegen 0.30/turn    (no ring)
MPRegen 0.16/turn

%: no passive effects
@: under a protective aura, drained
A: antennae 3, thin skeletal structure 1, spiny 1
a: no special abilities


You were on level 7 of the Dungeon.
You visited 1 branch of the dungeon, and saw 7 of its levels.

You collected 426 gold pieces.

Inventory:

Hand Weapons
 c - a +0 short sword
 r - a +2 short sword of protection (weapon)
 w - a +0 flail of draining
 x - a +0 whip of venom
 F - a +0 whip of flaming
 H - a +1 vampiric short sword
Missiles
 z - 13 poisoned darts (quivered)
 B - 3 throwing nets
Armour
 a - a +0 robe
 n - a +0 kite shield
 u - a +1 robe of willpower (worn)
 v - a +0 buckler
Jewellery
 m - a ring of see invisible
 t - a +5 ring of evasion
 C - the amulet "Ewnowom" {Acrobat Slay+2}
   (You found it on level 6 of the Dungeon)

   [amulet of the acrobat]

   Acrobat:   It increases your evasion while moving and waiting.
   Slay+2:    It affects your accuracy & damage with ranged weapons and melee
   (+2).
Wands
 y - a wand of charming (11)
 E - a wand of polymorph (14)
Scrolls
 e - 4 scrolls of vulnerability {unknown}
 f - 6 scrolls of identify {unknown}
 i - 3 scrolls of fog {unknown}
 l - 3 scrolls of teleportation {unknown}
 o - a scroll of fear {unknown}
 p - 2 scrolls of blinking {unknown}
 q - 2 scrolls of enchant armour {unknown}
 G - a scroll of amnesia {unknown}
Potions
 b - a potion of magic
 d - 5 potions of curing {unknown}
 g - a potion of invisibility {unknown}
 h - 2 potions of enlightenment {unknown}
 j - 4 potions of lignification {unknown}
 k - a potion of cancellation {unknown}
 s - a potion of ambrosia {unknown}
 A - a potion of berserk rage {unknown}
 D - a potion of attraction {unknown}


   Skills:
 + Level 6.0 Fighting
 + Level 6.1 Dodging
 - Level 2.3 Stealth
 + Level 6.2 Spellcasting
 + Level 8.3 Necromancy


You had 16 spell levels left.
You knew the following spells:

 Your Spells              Type           Power      Damage    Failure   Level
a - Necrotise             Necr           100%       1d9       1%          1
b - Vampiric Draining     Necr           37%        2d8       1%          3

Your spell library contained the following spells:

 Spells                   Type           Power      Damage    Failure   Level
 Animate Dead             Necr           37%        N/A       3%          4
 Curse of Agony           Necr           37%        N/A       10%         5
 Inner Flame              Hex/Fire       5%         N/A       32%         3
 Flame Wave               Conj/Fire      5%         2d5       73%         4
 Sticky Flame             Fire/Alch      5%         2d4       73%         4


Dungeon Overview and Level Annotations

Branches:
Dungeon (7/15)             Temple (0/1) D:6

Altars:
Ashenzari
Fedhas
Hepliaklqana
Makhleb
Sif Muna
Trog
Uskayaw
Wu Jian

Shops:
D:1 !

Annotations:
D:2 1 runed translucent door, Crazy Yiuf, Sigmund
D:7 2 transporters, zenocrate's ghost, novice VSEn


Innate Abilities, Weirdness & Mutations

You have a pair of large antennae on your head. (SInv)
You have a somewhat thin skeletal structure. (Dex +2, Stealth+)
You are partially covered in sharp spines.


Message History

The wight is almost destroyed.
The wight is struck by your spines.
You destroy the wight!
You closely miss the wight. The wight hits you with a +3 flail!
You feel drained.
You hit the wight.
The wight is moderately damaged.
The wight closely misses you.
You completely miss the wight.
The wight is moderately damaged.
The wight hits you with a +3 flail.
* * * LOW HITPOINT WARNING * * *
You barely miss the wight.
The wight is moderately damaged.
The wight completely misses you.
You closely miss the wight.
The wight is moderately damaged.
The wight hits you with a +3 flail.
* * * LOW HITPOINT WARNING * * *
You hit the wight.
The wight is moderately damaged.
The wight is struck by your spines. The wight hits you with a +3 flail.
* * * LOW HITPOINT WARNING * * *
You closely miss the wight.
The wight is severely damaged.
The wight hits you but does no damage.
You closely miss the wight.
The wight is severely damaged.
The wight hits you with a +3 flail.
* * * LOW HITPOINT WARNING * * *
You hit the wight but do no damage.
The wight is severely damaged.
The wight hits you with a +3 flail.
* * * LOW HITPOINT WARNING * * *
You feel drained.
* * * LOW HITPOINT WARNING * * *
You hit the wight but do no damage.
The wight is severely damaged.
The wight hits you with a +3 flail!
You die...

. .. .. .# .... ... ..#
#.#.##.# #..##>#
..>######. #....#
.........
#....####.##...#
##...........).####
..........#.##.z@.#
#.....###....####.###
........####÷.).....#####
.#....#..# ###)##.###...#
.....###.# #.##...#._.#
###..###.#####.#....#...#
..#...##....##......#.§.#
..#...)..##..##..#..#...#
.).....#..##.#..###.##.##


You could see a wight.

Vanquished Creatures
  Pikel (D:4)
  2 water moccasins
  2 ice beasts
  A black bear (D:4)
  A lemure (D:4)
  A phantom (D:6)
  A kobold brigand (D:6)
  A bullfrog (D:7)
  A gnoll sergeant (D:6)
  3 scorpions
  4 wights (D:7)
  3 killer bees (D:7)
  A howler monkey (D:4)
  A bombardier beetle (D:3)
  A gnoll bouda (D:5)
  2 jellies
  8 hounds
  3 sleepcaps
  Jessica (D:2)
  An iguana (D:6)
  4 orc wizards
  4 adders
  13 gnolls
  4 white imps
  4 ufetubi (D:6)
  2 ribbon worms
  5 dart slugs
  20 orcs
  4 endoplasms
  8 hobgoblins
  5 jackals
  4 quokkas
  3 ball pythons
  5 bats
  A frilled lizard (D:2)
  6 goblins
  8 kobolds
  4 rats
143 creatures vanquished.

Vanquished Creatures (collateral kills)
  A gnoll (D:7)
  A ball python (D:1)
  A kobold (D:3)
3 creatures vanquished.

Grand Total: 146 creatures vanquished

Notes
Turn   | Place    | Note
-------+----------+-------------------------------------------
     0 | D:1      | PaiMei the Demonspawn Necromancer began the quest for the
                  | Orb.
     0 | D:1      | Reached XP level 1. HP: 13/13 MP: 3/3
   421 | D:1      | Gained mutation: You have a pair of small antennae on your
                  | head. [demonic ancestry]
   421 | D:1      | Reached XP level 2. HP: 19/19 MP: 3/5
   737 | D:1      | Found Her Rupp's Distillery.
  1475 | D:2      | Identified the +2 dagger of the Beginning {elec, rF+ rC+
                  | Stlth+}
  1529 | D:2      | Gained mutation: You have a somewhat thin skeletal
                  | structure. (Dex +2, Stealth+) [demonic ancestry]
  1529 | D:2      | Reached XP level 3. HP: 24/24 MP: 1/6
  1533 | D:2      | Learned a level 3 spell: Vampiric Draining
  1700 | D:2      | Noticed Jessica
  1705 | D:2      | Killed Jessica
  1826 | D:2      | Found a runed translucent door.
  1827 | D:2      | Noticed Crazy Yiuf
  2027 | D:2      | Noticed Sigmund
  2547 | D:3      | Reached XP level 4. HP: 28/31 MP: 4/7
  2627 | D:3      | Reached skill level 1 in Fighting
  2738 | D:3      | Reached skill level 5 in Necromancy
  2974 | D:3      | Found a hide-covered altar of Uskayaw.
  3245 | D:4      | Noticed a black bear
  3314 | D:4      | Reached XP level 5. HP: 30/38 MP: 2/9
  3564 | D:4      | Gained mutation: You have a pair of antennae on your head.
                  | [demonic ancestry]
  3564 | D:4      | Reached XP level 6. HP: 15/45 MP: 0/10
  4800 | D:4      | Reached skill level 6 in Necromancy
  4800 | D:4      | Gained mutation: You are partially covered in sharp spines.
                  | [demonic ancestry]
  4800 | D:4      | Reached XP level 7. HP: 43/52 MP: 6/12
  5577 | D:4      | Noticed Pikel
  5588 | D:4      | Killed Pikel
  5589 | D:4      | Gained mutation: You have a pair of large antennae on your
                  | head. (SInv) [demonic ancestry]
  5589 | D:4      | Reached XP level 8. HP: 38/60 MP: 1/15
  5948 | D:5      | Entered Level 5 of the Dungeon
  6499 | D:5      | Reached skill level 7 in Necromancy
  7631 | D:6      | Reached skill level 5 in Spellcasting
  7876 | D:6      | Reached skill level 5 in Dodging
  7878 | D:6      | Found a staircase to the Ecumenical Temple.
  8087 | D:6      | Reached skill level 5 in Fighting
  8517 | D:6      | Found a shimmering blue altar of Sif Muna.
  8739 | D:6      | Identified the amulet "Ewnowom" {Acrobat Slay+2}
  8940 | D:6      | You fall into a shaft and drop 1 floor!
  8977 | D:7      | Noticed a kobold demonologist
  8978 | D:7      | Noticed zenocrate's ghost (novice VSEn)
  8996 | D:7      | Found a transporter.
  9007 | D:7      | Reached XP level 9. HP: 53/68 MP: 6/17
  9087 | D:7      | Found a transporter.
  9104 | D:7      | Found a blossoming altar of Fedhas.
  9105 | D:7      | Found a broken altar of Ashenzari.
  9147 | D:7      | Found a hazy altar of Hepliaklqana.
  9156 | D:7      | Found a burning altar of Makhleb.
  9159 | D:7      | Found an ornate altar of the Wu Jian Council.
  9272 | D:7      | Reached skill level 8 in Necromancy
 10276 | D:7      | Found a bloodstained altar of Trog.
 10327 | D:7      | HP: 3/63 [wight/+3 flail (1)]
 10328 | D:7      | Mangled by a wight

Illustrated notes

Levels and vault maps discovered:
D:1:      heliophobic_arrival_battle_scene, layout_basic, serial_shops, shop,
          minmay_tiny_reverse_x
D:2:      layout_loops_ring, uniq_sigmund, uniq_crazy_yiuf_cottage, uniq_jessica
D:3:      layout_loops_ring, mainiacjoe_overflow_surrounded_room
D:4:      cheibrodos_barr_body, layout_basic, uniq_pikel
D:5:      layout_layer_cave, mainiacjoe_overflow_tiny_flanked
D:6:      layout_basic, old_standard_altar, minmay_temple_entry_slanted,
          hellmonk_no_cap
D:7:      layout_rooms, grunt_temple_overflow_open, trog_book,
          gammafunk_ghost_arena, st_stairs_3

Skill      XL: |  1  2  3  4  5  6  7  8  9 |
---------------+----------------------------+-----
Stealth        | 2 |  2.3
Dodging        | 2 3 4 5 6 |  6.1
Fighting       | 1 2 3 4 5 6 |  6.0
Necromancy     | 5 6 7 8 |  8.3
Spellcasting   | 3 4 5 6 |  6.2

Action                     |  1- 3 |  4- 6 |  7- 9 || total
---------------------------+-------+-------+-------++-------
  Melee: Short sword       |    29 |    40 |   142 ||   211
         Unarmed           |     2 |       |       ||     2
         Punch             |       |     2 |     1 ||     3
   Cast: Necrotise         |    65 |   120 |   110 ||   295
         Vampiric Draining |       |     1 |    35 ||    36
   Stab: Sleeping          |       |       |     1 ||     1
 Armour: Robe              |    28 |    47 |   119 ||   194
  Dodge: Dodged            |    28 |    44 |   114 ||   186
